 Dungeon Crawl Stone Soup version 0.31.0-7-gf635a9b802 (webtiles) character file.

Game seed: 12064224003894767337

900 browni3141 the Ruffian (level 6, -4/62 HPs)
             Began as a Troll Enchanter on Jan 23, 2024.
             Was a Believer of Ru.
             Shot with an arrow by a centaur (6 damage)
             ... on level 6 of the Dungeon.
             The game lasted 00:05:58 (3352 turns).

browni3141 the Ruffian (Troll Enchanter)            Turns: 3352, Time: 00:05:58

Health: -4/62      AC:  6    Str: 19    XL:     6   Next: 79%
Magic:  6/6        EV:  1    Int: 11    God:    Ru [**....]
Gold:   257        SH:  0    Dex: 10    Spells: 7/7 levels left

rFire   . .          .
                       - Unarmed
rCold   . . .        (no shield)
rNeg    . . .        b - +0 robe
rPois   .            (helmet restricted)
rElec   .            k - +1 cloak
rCorr   .            (gloves unavailable)
SInv    .            (boots unavailable)
Will    .....        M - amulet of the acrobat
Stlth   ++           (no ring)
HPRegen 1.10/turn    (no ring)
MPRegen 0.10/turn

%: acrobat
@: lethally poisoned (-4 -> -6), sleeping
A: large, unfitting armour, claws 3, regeneration 1, shaggy fur 1, tough skin 1,
no ice magic, no alchemy magic, no summoning magic, inexperienced 1
a: Renounce Religion


You were on level 6 of the Dungeon.
You worshipped Ru.
Ru was pleased with you.
You visited 1 branch of the dungeon, and saw 6 of its levels.

You collected 257 gold pieces.

Inventory:

Missiles
 J - 10 poisoned darts
 T - 4 boomerangs (quivered)
Armour
 b - a +0 robe (worn)
 k - a +1 cloak (worn)
 U - an orb of guile
Jewellery
 I - an amulet of magic regeneration
 M - an amulet of the acrobat (around neck)
Scrolls
 j - a scroll of revelation {unknown}
 l - a scroll of fog {unknown}
 m - a scroll of brand weapon {unknown}
 H - a scroll of vulnerability {unknown}
 K - 2 scrolls of teleportation {unknown}
 N - 4 scrolls of identify {unknown}
 P - a scroll of amnesia {unknown}
 R - 2 scrolls of noise {unknown}
 S - a scroll of acquirement {unknown}
 W - 2 scrolls of poison {unknown}
 X - a scroll of blinking {unknown}
 Z - 2 scrolls of enchant weapon {unknown}
Potions
 i - 3 potions of invisibility
 n - 6 potions of curing {unknown}
 G - 2 potions of haste {unknown}
 L - a potion of heal wounds {unknown}
 O - 2 potions of might {unknown}
 Q - a potion of resistance {unknown}
 V - 2 potions of ambrosia {unknown}
 Y - a potion of magic {unknown}


   Skills:
 + Level 4.1 Fighting
 - Level 0.7 Short Blades
 - Level 1.5 Dodging
 - Level 1.5 Stealth
 * Level 7.1 Unarmed Combat
 - Level 1.2 Spellcasting
 - Level 2.0 Hexes


You had 7 spell levels left.
You didn't know any spells.
Your spell library contained the following spells:

 Spells                   Type           Power      Damage    Failure   Level
 Kiss of Death            Conj/Necr      0%         2d5       32%         1
 Confusing Touch          Hex            5%         N/A       38%         3
 Tukima's Dance           Hex            5%         N/A       38%         3
 Dazzling Flash           Conj/Hex       4%         N/A       54%         3
 Dispel Undead            Necr           0%         3d6       97%         4
 Ensorcelled Hibernation  Hex/Ice        Unusable   N/A       N/A         2

Dungeon Overview and Level Annotations

Branches:
Dungeon (6/15)
 Temple: D:4-7

Altars:
Ru

Shops:
D:4 *


Innate Abilities, Weirdness & Mutations

You are too large for most types of armour.
You have claws for hands.
Your natural rate of healing is unusually fast.
You are covered in fur. (AC +1)
You have tough skin. (AC +1)
You cannot study or cast Ice magic.
You cannot study or cast Alchemy magic.
You cannot study or cast Summoning magic.
You are somewhat inexperienced. (-1 XL)


Message History

You scratch the gnoll.
The gnoll is heavily wounded.
The gnoll barely misses you. The gnoll completely misses you.
You barely miss the gnoll.
The gnoll is heavily wounded.
The gnoll closely misses you.
The gnoll hits you from afar with a +0 spear.
You claw the gnoll!
You kill the gnoll!
The gnoll hits you from afar with a +0 spear.
The gnoll completely misses you.
Things that are here:
a +0 spear; a gnoll corpse You claw the gnoll!
You kill the gnoll!
No target in view!
No target in view!
Things that are here:
a +0 spear; a gnoll corpse
G - 2 viscous pink potions (gained 1)
You see here a +0 flail.
There is a stone staircase leading down here.
There is a stone staircase leading up here.
Key pressed, stopping explore.
Done exploring.
Done exploring.
Done exploring.
No target in view!
Items here: ))) [.
There is an escape hatch in the floor here.
You slide downwards.
The hatch slams shut behind you.
The black bear growls angrily.
The water moccasin hisses angrily.
You hear a shout!
Found 12 gold pieces and an ivory wand.
Found an escape hatch in the floor.
A centaur comes into view.
A sleepcap comes into view.
The black bear closely misses you. x2; The black bear claws you.
You barely miss the black bear.
The centaur wields a +0 orcbow.
The centaur shoots an arrow.
The arrow hits you!
You claw the black bear!
The black bear is heavily wounded.
The black bear barely misses you. The black bear claws you. x2
You scratch the black bear but do no damage.
The black bear is heavily wounded.
The black bear bites you.
The black bear claws you but does no damage.
The black bear claws you.
The centaur shoots an arrow.
The arrow hits you!
The water moccasin bites you but does no damage.
You claw the black bear!
The black bear is almost dead.
The centaur shoots an arrow.
The arrow hits you.
* * * LOW HITPOINT WARNING * * *
The black bear bites you but does no damage.
The black bear closely misses you.
The black bear claws you but does no damage.
The water moccasin closely misses you.
You completely miss the black bear.
The black bear is almost dead.
The centaur shoots an arrow.
The arrow hits you!
* * * LOW HITPOINT WARNING * * *
The water moccasin barely misses you.
The black bear goes berserk!
Unknown command.
Okay, then.
You aren't carrying any items that you can evoke.
Okay, then.
You claw the black bear!
You kill the black bear!
The centaur shoots an arrow.
The arrow closely misses you. The water moccasin closely misses you.
Your Fighting skill increases to level 4!
Your Unarmed Combat skill increases to level 7!
Unknown command.
Throw: 4 boomerangs
Press: ? - help, Q - select action, (/) - cycle Shift-Dir - straight line, f - centaur
Aim: a centaur, wielding a +0 orcbow (67% to hit)
You throw a boomerang.
The boomerang barely misses the centaur.
The water moccasin bites you but does no damage.
The centaur shoots an arrow.
The arrow hits you.
* * * LOW HITPOINT WARNING * * *
The water moccasin bites you.
* * * LOW HITPOINT WARNING * * *
You scratch the sleepcap.
The sleepcap is lightly damaged.
You redirect the water moccasin's attack!
The water moccasin barely misses itself.
The sleepcap barely misses you.
You claw the sleepcap!
The sleepcap is severely damaged.
The water moccasin bites you.
* * * LOW HITPOINT WARNING * * *
You are poisoned.
The water moccasin poisons you!
The centaur shoots an arrow.
The arrow closely misses you. The sleepcap releases spores at you.
* * * LOW HITPOINT WARNING * * *
You are engulfed in a cloud of soporific spores!
You fall asleep.
* * * LOW HITPOINT WARNING * * *
You feel very sick.
The centaur shoots an arrow.
The arrow hits you.
You die...

###..
....###
....$./
.......
.....
...#
##...##..
#S......>
#@.c.....
#f.......
##...##..
...# .
.....
...##.
...# .
...#


You could see a water moccasin, a sleepcap and a centaur.

Vanquished Creatures
  A black bear (D:6)
  An ice beast (D:3)
  An ogre (D:5)
  A centaur (D:5)
  2 bombardier beetles (D:5)
  2 jellies (D:5)
  A gnoll bouda (D:5)
  2 sleepcaps
  3 iguanas
  2 orc wizards
  7 gnolls
  3 adders
  A shadow imp (D:5)
  A ribbon worm (D:3)
  3 dart slugs
  7 orcs
  5 endoplasms
  5 giant cockroaches
  6 goblins
  6 hobgoblins
  4 jackals (D:1)
  6 kobolds
  11 quokkas
  5 ball pythons
  4 bats
  4 frilled lizards
  25 rats
119 creatures vanquished.

Notes
Turn   | Place    | Note
-------+----------+-------------------------------------------
     0 | D:1      | browni3141 the Troll Enchanter began the quest for the Orb.
     0 | D:1      | Reached XP level 1. HP: 16/16 MP: 1/1
   116 | D:1      | Reached skill level 1 in Unarmed Combat
   175 | D:1      | Reached XP level 2. HP: 26/26 MP: 2/2
   323 | D:1      | Reached skill level 2 in Unarmed Combat
   507 | D:1      | Reached XP level 3. HP: 33/33 MP: 3/3
   553 | D:1      | Found a faded altar of an unknown god.
   563 | D:1      | Prayed at the altar of an unknown god.
   563 | D:1      | Became a worshipper of Ru the Awakened
   583 | D:1      | Gained mutation: You are somewhat inexperienced. (-1 XL)
                  | [Ru sacrifice]
   583 | D:1      | Reached XP level 2. HP: 27/27 MP: 2/2
   583 | D:1      | Reached * piety under Ru
  1348 | D:3      | Reached skill level 3 in Unarmed Combat
  1348 | D:3      | Reached XP level 3. HP: 31/33 MP: 3/3
  1910 | D:3      | Noticed an ice beast
  1918 | D:3      | Killed an ice beast
  1919 | D:3      | Reached skill level 4 in Unarmed Combat
  1919 | D:3      | Reached XP level 4. HP: 44/44 MP: 4/4
  2187 | D:4      | Found Dawoiqeh's Lightly-Used Armoury.
  2475 | D:4      | Reached XP level 5. HP: 50/50 MP: 5/5
  2651 | D:5      | Entered Level 5 of the Dungeon
  2684 | D:5      | Reached skill level 5 in Unarmed Combat
  2742 | D:5      | Gained mutation: You cannot study or cast Ice magic. [Ru
                  | sacrifice]
  2742 | D:5      | Gained mutation: You cannot study or cast Alchemy magic.
                  | [Ru sacrifice]
  2742 | D:5      | Gained mutation: You cannot study or cast Summoning magic.
                  | [Ru sacrifice]
  2742 | D:5      | Reached ** piety under Ru
  2770 | D:5      | Reached skill level 3 in Fighting
  2823 | D:5      | Reached XP level 6. HP: 60/61 MP: 6/6
  2889 | D:5      | Reached skill level 6 in Unarmed Combat
  3349 | D:6      | Reached skill level 7 in Unarmed Combat
  3352 | D:6      | HP: 2/62 [poisoned by a water moccasin]
  3352 | D:6      | Shot with an arrow by a centaur

Illustrated notes

Levels and vault maps discovered:
D:1:      minmay_arrival_wavy_path, layout_basic,
          dreamdust_ecumenical_altar_sealed_demon
D:2:      layout_basic
D:3:      minmay_inner_zag, layout_loops_ring, minmay_rat_hole
D:4:      layout_basic, minmay_shop_damaged
D:5:      layout_rooms
D:6:      layout_gridville, nemelex_dance_club_becter, minitemple,
          gammafunk_ghost_smash, amcnicky_mini_pool_medium

Skill      XL: |  1  2  3  4  5  6 |
---------------+-------------------+-----
Unarmed Combat | 1 3 4 5 7 |  7.1
Fighting       | 1 2 3 4 |  4.1
Short Blades   | |  0.7
Dodging        | |  1.5
Stealth        | |  1.5
Spellcasting   | |  1.2
Hexes          | |  2.0

Action                     |  1- 3 |  4- 6 || total
---------------------------+-------+-------++-------
  Melee: Unarmed           |   201 |   108 ||   309
         Punch             |     3 |       ||     3
  Throw: Boomerang         |     5 |     6 ||    11
 Invoke: Sacrifice Experie |     1 |       ||     1
         Sacrifice Arcana  |       |     1 ||     1
   Stab: Sleeping          |    10 |     3 ||    13
 Armour: Robe              |   134 |    71 ||   205
  Dodge: Dodged            |    99 |    50 ||   149
